 Dungeon Crawl Stone Soup version 0.25.1-2-g60ff931df9 (webtiles) character file.

Game seed: 8590701544794508729

1355 raphialitos the Shield-Bearer (level 8, -9/69 HPs)
             Began as a Minotaur Fighter on Oct 6, 2020.
             Was a Follower of Trog.
             Killed from afar by Maggie (20 damage)
             ... with a bolt of fire
             ... on level 6 of the Dungeon.
             The game lasted 00:11:05 (6219 turns).

raphialitos the Shield-Bearer (Minotaur Fighter)    Turns: 6219, Time: 00:11:06

Health: -9/69      AC: 11    Str: 22    XL:     8   Next: 37%
Magic:  7/7        EV:  7    Int:  5    God:    Trog [*.....]
Gold:   229        SH: 11    Dex: 11    Spells: 7/7 levels left

rFire    . . .     SeeInvis .   a - +0 war axe
rCold    . . .     Gourm    .   c - +0 kite shield
rNeg     . . .     Faith    +   e - +1 chain mail
rPois    .         Spirit   .   (helmet restricted)
rElec    .         Reflect  .   (no cloak)
rCorr    .         Harm     .   (no gloves)
MR       .....                  (no boots)
Stlth    ..........             h - amulet of faith
HPRegen  0.21/turn              m - ring of flight
MPRegen  0.10/turn              (no ring)

@: no status effects
A: retaliatory headbutt, horns 2
a: Berserk, Renounce Religion, Evoke Flight


You were on level 6 of the Dungeon.
You worshipped Trog.
Trog was aware of your devotion.
You were hungry.

You visited 2 branches of the dungeon, and saw 7 of its levels.

You collected 229 gold pieces.

Inventory:

Hand Weapons
 a - a +0 war axe (weapon)
Missiles
 d - 13 bolts
 j - 8 boomerangs (quivered)
 k - 8 javelins
 u - 80 arrows
 A - 24 sling bullets
Armour
 b - a +0 scale mail
 c - a +0 kite shield (worn)
 e - a +1 chain mail (worn)
Jewellery
 h - an amulet of faith (around neck)
 m - a ring of flight (left hand)
 v - the ring of the Five Queens {Fire rPois}
   (You took it off an orc priest on level 5 of the Dungeon)

   [ring of fire]

   It enhances your fire magic.
   It protects you from fire.
   It makes you vulnerable to cold.
   It protects you from poison.
Wands
 o - a wand of clouds (2)
 y - a wand of digging (5)
Scrolls
 i - 2 scrolls of remove curse
 l - a scroll of blinking {unknown}
 n - a scroll of immolation {unknown}
 s - a scroll of fear
Potions
 g - a potion of degeneration
 p - a potion of heal wounds
 q - a potion of flight {unknown}
 r - a potion of lignification {unknown}
 t - a potion of cancellation {unknown}
 w - a potion of curing {unknown}
 x - a potion of magic {unknown}
 z - 3 potions of invisibility
Comestibles
 f - 9 rations


   Skills:
 + Level 5.4 Fighting
 + Level 7.4 Axes
 + Level 6.9 Armour
 + Level 2.0 Dodging
 + Level 0.4 Stealth
 + Level 7.5 Shields


You had 7 spell levels left.
You didn't know any spells.
Your spell library contained the following spells:

 Spells                   Type           Power        Failure   Level  Hunger
 Magic Dart               Conj           #...         100%        1    ##.....
 Blink                    Tloc           N/A          100%        2    ###....
 Call Imp                 Summ           #.......     100%        2    ###....
 Slow                     Hex            #.......     100%        2    ###....
 Conjure Flame            Conj/Fire      #.......     100%        3    ####...
 Mephitic Cloud           Conj/Pois/Air  #.......     100%        3    ####...


Dungeon Overview and Level Annotations

Branches:
Dungeon (6/15)             Temple (1/1) D:4

Altars:
Ashenzari
Elyvilon
Hepliaklqana
Kikubaaqudgha
Makhleb
Nemelex Xobeh
Okawaru
Qazlal
Sif Muna
Trog
Uskayaw
Vehumet
Xom
Yredelemnul
Zin

Annotations:
D:6 Maggie


Innate Abilities, Weirdness & Mutations

You reflexively headbutt those who attack you in melee.
You have a pair of horns on your head.


Message History

Maggie is almost dead.
You slash the jackal!
You kill the jackal!
Trog accepts your kill.
Your shield and chain mail prevent you from hitting the centaur zombie.
You block the centaur zombie's attack. Maggie hits you but does no damage.
You barely miss Maggie.
Maggie is almost dead.
You hit the centaur zombie.
You block the centaur zombie's attack. x2
Maggie mumbles some strange words.
Maggie attempts to bespell you!
You easily resist.
Unknown command.
You hit Maggie but do no damage. Your headbutt misses Maggie.
Maggie is almost dead.
You hit the centaur zombie. The centaur zombie hits you.
* * * LOW HITPOINT WARNING * * *
A gnoll comes into view. It is wielding a +0 halberd.
Maggie casts a spell at you. The bolt of fire hits you!!
You die...

###.# #.. #. ... #
#.##... #.##g#####
#..... #........##
###.... #....../..#
.....# #.........###
.....# #..........#
.....# #####........#
>....# #......†.)...#
..#.######.###.>@@....#
..#........# #...Z....#
.....#######
#..........# ..##.#
###.......... ####.#
#.##....... #.######
#.. ......# #......#
........... . ##.....#
... .... . #.....#


You could see Maggie, a gnoll (wandering) and a centaur zombie.

Vanquished Creatures
  A water moccasin (D:4)
  An orc warrior (D:5)
  A phantom (D:4)
  The ghost of Konebred the Ruffian, an amateur DrTm (D:3)
  A centaur (D:5)
  2 ogres
  A bullfrog (D:6)
  A wyvern zombie (D:6)
  A scorpion (D:4)
  2 orc priests (D:5)
  A bullfrog skeleton (D:4)
  Jessica (D:3)
  4 orc wizards
  4 worker ants
  A hound zombie (D:6)
  3 hound skeletons
  2 worker ant zombies
  9 adders
  2 gnolls (D:6)
  2 oozes
  2 worms (D:2)
  2 dart slugs
  6 leopard geckos
  13 orcs
  2 giant cockroaches
  6 goblins
  4 hobgoblins
  18 jackals
  5 quokkas
  8 bats
  6 frilled lizards
  9 kobolds
  A quokka skeleton (D:4)
  2 quokka zombies (D:5)
  8 rats
133 creatures vanquished.

Vanquished Creatures (others)
  2 fungi (D:4)
2 creatures vanquished.

Grand Total: 135 creatures vanquished

Notes
Turn   | Place    | Note
-------+----------+-------------------------------------------
     0 | D:1      | raphialitos the Minotaur Fighter began the quest for the
                  | Orb.
     0 | D:1      | Reached XP level 1. HP: 19/19 MP: 0/0
   323 | D:1      | Reached XP level 2. HP: 27/27 MP: 1/1
   993 | D:2      | You fall into a shaft and drop 1 floor!
   993 | D:3      | Found a stormy altar of Qazlal.
  1032 | D:3      | Found a runed translucent door.
  1034 | D:3      | Noticed Konebred's ghost (amateur DrTm)
  1109 | D:2      | Reached XP level 3. HP: 33/33 MP: 2/2
  1347 | D:2      | Reached XP level 4. HP: 38/40 MP: 3/3
  1842 | D:3      | Killed Konebred's ghost
  1842 | D:3      | Reached skill level 5 in Shields
  1842 | D:3      | Reached XP level 5. HP: 38/47 MP: 4/4
  1898 | D:3      | Noticed Jessica
  1905 | D:3      | Killed Jessica
  2049 | D:3      | Reached skill level 1 in Dodging
  2878 | D:4      | Noticed a phantom
  2901 | D:4      | Killed a phantom
  2901 | D:4      | Reached XP level 6. HP: 42/53 MP: 5/5
  2968 | D:4      | Noticed a water moccasin
  2985 | D:4      | Killed a water moccasin
  2985 | D:4      | Reached skill level 5 in Axes
  3232 | D:4      | Found a shattered altar of Ashenzari.
  3236 | D:4      | Saw a vision of the Swamp and the Snake Pit.
  3236 | D:4      | Noticed an alligator
  3236 | D:4      | Noticed an alligator
  3236 | D:4      | Noticed an alligator
  3236 | D:4      | Noticed a water moccasin
  3236 | D:4      | Noticed an alligator
  3236 | D:4      | Noticed a naga
  3236 | D:4      | Noticed a black mamba
  3241 | D:4      | Noticed a naga sharpshooter
  3305 | D:4      | Reached skill level 5 in Armour
  3315 | D:4      | Reached XP level 7. HP: 54/60 MP: 6/6
  3882 | D:4      | Reached skill level 5 in Fighting
  3932 | D:4      | Found a staircase to the Ecumenical Temple.
  4226 | Temple   | Entered the Ecumenical Temple
  4555 | Temple   | Became a worshipper of Trog the Wrathful
  4635 | D:5      | Entered Level 5 of the Dungeon
  5458 | D:5      | Identified the ring of the Five Queens {Fire rPois}
  5466 | D:5      | Reached XP level 8. HP: 55/68 MP: 7/7
  6083 | D:6      | Reached * piety under Trog
  6109 | D:6      | Found a hazy altar of Hepliaklqana.
  6195 | D:6      | Noticed Maggie
  6211 | D:6      | Paralysed by Maggie for 4 turns
  6213 | D:6      | HP: 3/69 [Maggie/+0 broad axe of flaming (4)]
  6219 | D:6      | Killed from afar by Maggie

Illustrated notes

Levels and vault maps discovered:
D:1:      dpeg_arrival_rhombus, layout_basic, minivault_19
D:2:      layout_loops_ring, grunt_ministairs_10
D:3:      minmay_evil_eye, layout_basic, grunt_qazlal_sundering,
          hellmonk_ghost_happy_afterlife, first_ration,
          minmay_misc_feat_four_crosses, glass_columns_a, uniq_jessica
D:4:      layout_loops_ring, temple_hall, grunt_ashenzari_visionary
          [grunt_ashenzari_visionary_swamp, grunt_ashenzari_visionary_snake]
D:5:      layout_layer_cave
D:6:      layout_basic, kennysheep_mini, lemuel_coloured_pillars_altar,
          nicolae_ru_the_path_less_chosen, minitemple, fedhas_altar_fruit_tree,
          eino_tiny_chamber, uniq_maggie, uniq_duvessa
Temple:   minmay_temple_forest_path

Skill      XL: |  1  2  3  4  5  6  7  8 |
---------------+-------------------------+-----
Shields        | 4 5 6 7 |  7.5
Fighting       | 4 5 |  5.4
Axes           | 3 4 5 6 7 |  7.4
Armour         | 4 5 6 |  6.9
Dodging        | 1 2 |  2.0
Stealth        | |  0.4

Action                   |  1- 3 |  4- 6 |  7- 9 || total
-------------------------+-------+-------+-------++-------
Melee: War axe           |   105 |   147 |   123 ||   375
       Headbutt          |     8 |    22 |    32 ||    62
Evoke: Wand              |       |       |     1 ||     1
  Use: Scroll            |       |     9 |       ||     9
       Potion            |       |     1 |     3 ||     4
  Eat: Chunk             |     2 |     6 |     5 ||    13
       Ration            |       |       |     1 ||     1
Armor: Chain mail        |    74 |    72 |    60 ||   206
       Scale mail        |     3 |       |       ||     3
Dodge: Dodged            |    31 |    27 |    35 ||    93
Block: Kite shield       |    71 |    83 |    81 ||   235
